AoeStats
← Slayer

Arabia

508925817Analyzed
1v1 RM · 9d ago on Sep 24, 2026· 26m 7s· 2 players
Game mode
Random Map
Map size
Tiny (2 player)
Population
200
Speed
Normal
Resources
Standard
Victory
Conquest
Starting age
Dark Age
Ending age
Imperial Age
RankedLock teamsTeams togetherTeam positionsShared explorationLock speedFull tech treeHidden civsTurbo modeCheats
Victory
Defeat
🇩🇪 Armenians · Germany
565
+17
🇨🇦 Franks · Canada
576
-17
Solinero
8:57 Loom
11:07 Feudal Age
12:05 Town Watch
12:01 Man-at-Arms
13:15 Double-Bit Axe
16:17 Scale Mail Armor
16:28 Forging
15:42 Long Swordsman
20:29 Horse Collar
21:12 Arson
22:44 Wheelbarrow
27:58 Castle Age
Slayer
Connection lost

Rejoining the realm…

Still unreachable

The connection could not be restored.

Session expired

The server has moved on; the page needs a fresh start.